 Dungeon Crawl Stone Soup version 0.30.1-11-g7821555f0a (webtiles) character file.

Game seed: 15506574188375213776

43879 jagang the Fighter (level 13, -3/113 HPs)
             Began as a Demonspawn Fighter on Dec 13, 2023.
             Was an Elder of Makhleb.
             Slain by a quicksilver ooze (7 damage)
             ... in a Gauntlet.
             The game lasted 00:32:17 (11091 turns).

jagang the Fighter (Demonspawn Fighter)            Turns: 11091, Time: 00:32:18

Health: -3/113     AC: 27    Str: 22    XL:     13   Next: 93%
Magic:  0/18       EV: 11    Int: 10    God:    Makhleb [****..]
Gold:   455        SH:  5    Dex: 12    Spells: 12/12 levels left

rFire   . . .        n - +2 whip (flame)
rCold   . . .        c - +0 buckler
rNeg    . . .        y - +0 plate armour
rPois   .            (no helmet)
rElec   .            N - +1 cloak
rCorr   .            j - +0 pair of gloves
SInv    .            K - +1 pair of boots
Will    .....        F - amulet of guardian spirit Stlth
                     f - +4 ring of protection
HPRegen 0.38/turn    i - ring of flight
MPRegen 0.16/turn

%: no teleportation, guardian spirit
@: agile, flying, invisible
A: molten scales 2, powered by pain 2, demonic magic 2, demonic touch 1
a: Renounce Religion, Minor Destruction, Lesser Servant of Makhleb, Major
Destruction


You were in a Gauntlet.
You worshipped Makhleb.
Makhleb was greatly pleased with you.
You visited 2 branches of the dungeon, and saw 9 of its levels.
You also visited: Sewer, Bailey and Gauntlet.

You collected 554 gold pieces.
You spent 99 gold pieces at shops.

Inventory:

Hand Weapons
 n - a +2 whip of flaming (weapon)
 H - a +0 morningstar
Missiles
 a - 7 poisoned darts
 t - a curare-tipped dart
 M - 25 boomerangs (quivered)
 P - 2 silver boomerangs
Armour
 c - a +0 buckler (worn)
 j - a +0 pair of gloves (worn)
 y - a +0 plate armour (worn)
 K - a +1 pair of boots (worn)
 N - a +1 cloak (worn)
Jewellery
 f - a +4 ring of protection (left hand)
 i - a ring of flight (right hand)
 F - an amulet of guardian spirit (around neck)
 I - a ring of wizardry
Wands
 h - a wand of paralysis (10)
 s - a wand of flame (48)
 v - a wand of mindburst (12)
 w - a wand of iceblast (11)
Scrolls
 g - 2 scrolls of fog
 l - a scroll of enchant armour
 o - 2 scrolls of teleportation
 x - 3 scrolls of fear {unknown}
 A - 2 scrolls of amnesia {unknown}
 D - a scroll of immolation {unknown}
 E - a scroll of poison
 J - a scroll of magic mapping {unknown}
 Q - a scroll of blinking
Potions
 b - 3 potions of berserk rage {unknown}
 d - a potion of mutation
 e - 4 potions of curing
 k - a potion of might
 m - a potion of magic {unknown}
 p - a potion of ambrosia {unknown}
 q - 2 potions of flight {unknown}
 r - a potion of heal wounds {unknown}
 z - 2 potions of haste
 B - 2 potions of lignification {unknown}
 C - 2 potions of brilliance {unknown}
 G - a potion of degeneration {unknown}
 L - a potion of attraction {unknown}
 O - a potion of resistance {unknown}


   Skills:
 * Level 14.1 Fighting
 * Level 10.4 Maces & Flails
 - Level 4.2 Throwing
 + Level 8.7 Armour
 + Level 6.7 Shields
 - Level 7.5 Invocations
 + Level 3.2 Evocations


You had 12 spell levels left.
You didn't know any spells.
Your spell library contained the following spells:

 Spells                   Type           Power      Damage    Failure   Level
 Summon Small Mammal      Summ           0%         N/A       100%        1
 Call Canine Familiar     Summ           0%         N/A       100%        3
 Portal Projectile        Hex/Tloc       0%         N/A       100%        3
 Summon Guardian Golem    Hex/Summ       0%         N/A       100%        3
 Tukima's Dance           Hex            0%         N/A       100%        3
 Blade Hands              Tmut           0%         N/A       100%        5
 Summon Forest            Summ/Tloc      0%         N/A       100%        5
 Summon Mana Viper        Hex/Summ       0%         N/A       100%        5
 Summon Cactus Giant      Summ           0%         N/A       100%        6


Dungeon Overview and Level Annotations

Branches:
Dungeon (8/15)             Temple (0/1) D:4            Lair (1/5) D:8
  Sewer (visited)          Bailey (visited)         Gauntlet (1/1)

Altars:
Makhleb
Ru
Trog
Vehumet
Yredelemnul

Shops:
D:4 *

Annotations:
Gauntlet 11 transporters, 21 runed translucent doors


Innate Abilities, Weirdness & Mutations

You are mostly covered in molten scales. (AC +3)
You sometimes gain power by taking damage.
Spells you cast may paralyse nearby enemies.
Your touch may inflict minor irresistible damage on your foes.


Message History

The quicksilver ooze hits you but does no damage.
You miss the quicksilver ooze.
Your lungs strain for air!
You block the quicksilver ooze's attack.
The quicksilver ooze hits you.
You feel your power leaking away.
You barely miss the quicksilver ooze.
Your lungs strain for air!
The quicksilver ooze hits you.
The quicksilver ooze hits you but does no damage.
You miss the quicksilver ooze.
Your lungs strain for air!
The quicksilver ooze barely misses you.
The quicksilver ooze hits you but does no damage.
You hit the quicksilver ooze. You burn the quicksilver ooze.
The quicksilver ooze is lightly wounded.
Your lungs strain for air!
The quicksilver ooze hits you!
* * * LOW HITPOINT WARNING * * *
The quicksilver ooze hits you but does no damage.
You fade into invisibility!
* * * LOW HITPOINT WARNING * * *
Your lungs strain for air!
The quicksilver ooze hits you!
* * * LOW HITPOINT WARNING * * *
You focus on the pain.
You feel agile all of a sudden.
The quicksilver ooze hits you but does no damage.
You block the quicksilver ooze's attack.
The quicksilver ooze hits you but does no damage.
You slip free of the ooze engulfing you.
You gasp with relief as air once again reaches your lungs.
The quicksilver ooze hits you.
* * * LOW HITPOINT WARNING * * *
The quicksilver ooze engulfs you! The quicksilver ooze barely misses you.
You slip free of the ooze engulfing you.
You gasp with relief as air once again reaches your lungs.
You see here a +0 glaive.
The quicksilver ooze hits you!
You die...

#############
################≈#≈#≈#≈#≈#§#
##≈#≈#≈#≈#≈#§#≈#....§.....§§.
#≈....................8......
##.8.....8.§...8.............
#≈...............###########.
##...#########...#..+..+B..#.
#≈...#.#.....#...#..+..+s..#.
##...#.#.###@#####++#++##.[#.
#≈...#.###.J)#...#..+...+.?#.
##.8©#...©..©#©8©#©.#...+.©#.
#≈...#.###...#...#..+...+..#.
##...#.#.###:#####++#++##.$#.
#≈...#.#.....#...#..+..+...#.
##...#########...#..+..+...#.
#§...............###########.
##.8.....8.....8.............


You could see a quicksilver ooze.

Vanquished Creatures
  An orc warlord (Bailey)
  A two-headed ogre (D:8)
  4 death yaks (D:7)
  An orc knight (Bailey)
  2 cane toads (Lair:1)
  Psyche (D:8)
  15 yaks
  Eustachio (D:5)
  4 steam dragons
  A water moccasin (D:7)
  Duvessa (D:4)
  2 ice beasts
  A black bear (Lair:1)
  3 orc warriors (Bailey)
  An ogre (D:5)
  A kobold brigand (D:6)
  5 bullfrogs
  A gnoll sergeant (D:7)
  3 scorpions
  9 wights
  Dowan (D:4)
  A howler monkey (D:6)
  3 hounds
  3 jellies
  2 gnoll boudas (D:6)
  3 orc priests (D:8)
  3 sleepcaps
  Ijyb (D:4)
  2 iguanas (D:6)
  6 orc wizards
  9 gnolls (D:6)
  14 adders
  A shadow imp (D:5)
  4 white imps
  2 ufetubi
  2 worms (D:3)
  3 dart slugs
  21 orcs
  10 bats
  2 endoplasms
  10 giant cockroaches
  13 goblins
  7 hobgoblins
  3 jackals
  23 kobolds
  7 quokkas
  10 ball pythons
  8 frilled lizards
  9 rats
241 creatures vanquished.

Vanquished Creatures (others)
  An orc wizard (D:8)
1 creature vanquished.

Grand Total: 242 creatures vanquished

Notes
Turn   | Place    | Note
-------+----------+-------------------------------------------
     0 | D:1      | jagang the Demonspawn Fighter began the quest for the Orb.
     0 | D:1      | Reached XP level 1. HP: 18/18 MP: 1/1
    54 | D:1      | Gained mutation: You are partially covered in molten
                  | scales. (AC +2) [demonic ancestry]
    54 | D:1      | Reached XP level 2. HP: 12/24 MP: 2/2
  1151 | D:2      | Reached XP level 3. HP: 29/29 MP: 3/3
  1600 | D:2      | Found a faded altar of an unknown god.
  2175 | D:3      | Found a burning altar of Makhleb.
  2204 | D:3      | Became a worshipper of Makhleb the Destroyer
  2318 | D:3      | Gained mutation: You sometimes gain a little power by
                  | taking damage. [demonic ancestry]
  2318 | D:3      | Reached XP level 4. HP: 35/35 MP: 4/4
  3150 | D:4      | Found a staircase to the Ecumenical Temple.
  3252 | D:4      | Noticed Ijyb
  3271 | D:4      | Killed Ijyb
  3272 | D:4      | Gained mutation: You sometimes gain power by taking damage.
                  | [demonic ancestry]
  3272 | D:4      | Reached XP level 5. HP: 37/42 MP: 5/5
  3313 | D:4      | Reached * piety under Makhleb
  3389 | D:4      | Found a glowing drain.
  3395 | Sewer    | Entered a sewer
  3713 | Sewer    | Reached skill level 1 in Invocations
  3713 | Sewer    | Gained mutation: You are mostly covered in molten scales.
                  | (AC +3) [demonic ancestry]
  3713 | Sewer    | Reached XP level 6. HP: 38/48 MP: 6/6
  3721 | Sewer    | Reached ** piety under Makhleb
  3722 | Sewer    | Reached skill level 4 in Fighting
  4033 | D:4      | Noticed Duvessa
  4047 | D:4      | Killed Duvessa
  4048 | D:4      | Noticed Dowan
  4063 | D:4      | Killed Dowan
  4129 | D:4      | Gained mutation: Your touch may inflict minor irresistible
                  | damage on your foes. [demonic ancestry]
  4129 | D:4      | Reached XP level 7. HP: 54/54 MP: 8/8
  4214 | D:4      | Found Xucumein's Assorted Antiques.
  4219 | D:4      | Bought a red potion for 24 gold pieces
  4219 | D:4      | Bought a scroll labelled SELACR IHAKE for 27 gold pieces
  4219 | D:4      | Bought a smoky silvery potion for 24 gold pieces
  4219 | D:4      | Bought a fizzy blue potion for 24 gold pieces
  4568 | D:5      | Entered Level 5 of the Dungeon
  4735 | D:5      | Reached skill level 1 in Throwing
  5228 | D:5      | Noticed Eustachio
  5263 | D:5      | Killed Eustachio
  5264 | D:5      | Reached skill level 5 in Maces & Flails
  5494 | D:6      | Reached XP level 8. HP: 48/61 MP: 10/10
  5738 | D:6      | Reached skill level 5 in Fighting
  6410 | D:7      | Reached *** piety under Makhleb
  6495 | D:7      | Found a radiant altar of Vehumet.
  6863 | D:7      | Reached skill level 5 in Shields
  6966 | D:7      | Found a basalt altar of Yredelemnul.
  6969 | D:7      | Found a bloodstained altar of Trog.
  6998 | D:7      | Reached skill level 5 in Armour
  7077 | D:7      | Found a sacrificial altar of Ru.
  7127 | D:7      | Reached XP level 9. HP: 36/66 MP: 3/12
  7132 | D:7      | Reached skill level 5 in Invocations
  7851 | D:8      | Noticed Psyche
  7874 | D:8      | Killed Psyche
  7900 | D:8      | Reached skill level 6 in Fighting
  7973 | D:8      | Found a flagged portal.
  8062 | Bailey   | Entered a bailey
  8068 | Bailey   | Noticed an orc warlord
  8271 | Bailey   | Noticed an orc knight
  8299 | Bailey   | Killed an orc knight
  8300 | Bailey   | Reached XP level 10. HP: 77/77 MP: 14/14
  8342 | Bailey   | Found a runed translucent gate.
  8342 | Bailey   | Found a runed translucent gate.
  8342 | Bailey   | Found a runed translucent gate.
  8368 | Bailey   | Reached **** piety under Makhleb
  8452 | Bailey   | Killed an orc warlord
  8453 | Bailey   | Reached skill level 1 in Evocations
  8477 | Bailey   | Identified the staff of fire "Tiyprod" {rF+ rCorr Dex+3}
  8785 | D:8      | Noticed a death yak
  8785 | D:8      | Noticed a death yak
  8786 | D:8      | Noticed a death yak
  8837 | D:7      | Killed a death yak
  8842 | D:7      | HP: 2/77 [death yak (1)]
  8844 | D:7      | Killed a death yak
  8845 | D:7      | Reached skill level 7 in Fighting
  9167 | D:8      | Noticed a death yak
  9168 | D:8      | Noticed a death yak
  9240 | D:7      | Reached skill level 11 in Fighting
  9240 | D:7      | Gained mutation: Spells you cast may paralyse adjacent
                  | enemies. [demonic ancestry]
  9240 | D:7      | Reached XP level 11. HP: 29/93 MP: 9/16
  9241 | D:7      | Reached skill level 12 in Fighting
  9241 | D:7      | Reached XP level 12. HP: 32/103 MP: 9/17
  9242 | D:7      | Reached skill level 13 in Fighting
  9242 | D:7      | Reached skill level 10 in Maces & Flails
  9242 | D:7      | Gained mutation: Spells you cast may paralyse nearby
                  | enemies. [demonic ancestry]
  9242 | D:7      | Reached XP level 13. HP: 36/112 MP: 9/18
 10171 | D:8      | Found a staircase to the Lair.
 10334 | D:8      | Reached skill level 14 in Fighting
 10476 | Lair:1   | Entered Level 1 of the Lair of Beasts
 10476 | Lair:1   | Found a gate leading to a gauntlet.
 10920 | Gauntlet | Entered a Gauntlet
 10920 | Gauntlet | Found a transporter.
 10923 | Gauntlet | Found a transporter.
 10936 | Gauntlet | Found a transporter.
 10940 | Gauntlet | Found a transporter.
 10950 | Gauntlet | Found a transporter.
 10970 | Gauntlet | Found a transporter.
 10973 | Gauntlet | Found a transporter.
 10977 | Gauntlet | Found a transporter.
 11006 | Gauntlet | Found a transporter.
 11008 | Gauntlet | Found a transporter.
 11009 | Gauntlet | Noticed a quicksilver ooze
 11012 | Gauntlet | Found a transporter.
 11014 | Gauntlet | Found a large runed translucent door.
 11015 | Gauntlet | Found a large runed translucent door.
 11017 | Gauntlet | Found a large runed translucent door.
 11017 | Gauntlet | Found a large runed translucent door.
 11018 | Gauntlet | Found a large runed translucent door.
 11018 | Gauntlet | Found a large runed translucent door.
 11018 | Gauntlet | Found a runed translucent door.
 11018 | Gauntlet | Found a runed translucent door.
 11019 | Gauntlet | Found a large runed translucent door.
 11019 | Gauntlet | Found a large runed translucent door.
 11019 | Gauntlet | Found a large runed translucent door.
 11020 | Gauntlet | Found a large runed translucent door.
 11020 | Gauntlet | Found a large runed translucent door.
 11020 | Gauntlet | Found a large runed translucent door.
 11021 | Gauntlet | Found a large runed translucent door.
 11021 | Gauntlet | Found a large runed translucent door.
 11021 | Gauntlet | Found a large runed translucent door.
 11023 | Gauntlet | Found a runed translucent gate.
 11023 | Gauntlet | Found a runed translucent gate.
 11023 | Gauntlet | Found a runed translucent gate.
 11025 | Gauntlet | Found a transporter.
 11036 | Gauntlet | Found a large runed translucent door.
 11087 | Gauntlet | HP: 3/113 [quicksilver ooze (15)]
 11091 | Gauntlet | Slain by a quicksilver ooze

Illustrated notes

Levels and vault maps discovered:
D:1:      tarquinn_simple_flora_water_b, layout_loops_ring,
          minmay_stone_trees_small, chequers_serial_rivers_micro_e,
          chequers_mini_garden, minivault_24, st_stairs_3,
          minmay_misc_feat_four_crosses
D:2:      layout_basic, ebering_ecumenical_altar_abandoned, serial_rivers,
          chequers_serial_rivers_marsh, chequers_serial_rivers_small_a,
          chequers_serial_rivers_room_a, chequers_serial_rivers_micro_d,
          chequers_serial_rivers_small_3, minmay_curled_crystal,
          minmay_hedge_maze, roderic_serpentine_path
D:3:      layout_basic, mainiacjoe_overflow_paths
D:4:      layout_basic, minmay_temple_entry_large_hall, gup_sewer_entry_bubbles,
          serial_glass, glass_columns_b, glass_columns_a, serial_shops,
          nicolae_shop_hallway_plus, uniq_duvessa, uniq_ijyb
D:5:      layout_cave_pods, uniq_eustachio
D:6:      layout_cave_pools
D:7:      layout_loops_ring, lemuel_tele_altar, nicolae_ru_the_path_less_chosen,
          grunt_temple_overflow_diamond, kennysheep_generic_room_15
D:8:      layout_cave_pools, dpeg_lair_monsters, enter_bailey_2, uniq_psyche
Lair:1:   beast_lair_carwin_large_1, layout_hall_layers, gauntlet_entry_generic
Gauntlet: minmay_gauntlet_mixed_oops_all_seconds
          [minmay_gauntlet_arena_77_museum, gammafunk_gauntlet_arena_hedges,
          minmay_gauntlet_arena_77_mirror, gammafunk_gauntlet_arena_mazey,
          minmay_gauntlet_arena_77_p_blocks,
          minmay_gauntlet_arena_make_your_own_arena, gauntlet_exit_hidden_loot]

Skill      XL: |  1  2  3  4  5  6  7  8  9 10 11 12 13 |
---------------+----------------------------------------+-----
Maces & Flails | 2 3 4 5 6 7 8 9 10 | 10.4
Shields        | 3 4 5 6 |  6.7
Armour         | 3 4 5 6 7 8 |  8.7
Invocations    | 1 2 3 4 6 7 |  7.5
Fighting       | 4 5 6 11 12 13 14 | 14.1
Throwing       | 1 2 4 |  4.2
Evocations     | 2 3 |  3.2

Action                     |  1- 3 |  4- 6 |  7- 9 | 10-12 | 13-15 || total
---------------------------+-------+-------+-------+-------+-------++-------
  Melee: Flail             |   117 |   317 |   117 |       |       ||   551
         Morningstar       |       |       |   283 |   118 |       ||   401
         Unarmed           |       |       |     5 |       |       ||     5
         Whip              |       |       |       |       |   212 ||   212
  Throw: Dart              |       |     2 |    16 |     9 |       ||    27
         Boomerang         |       |     2 |    28 |    19 |       ||    49
 Invoke: Major Destruction |       |       |       |     2 |       ||     2
         Minor Destruction |       |       |       |     1 |       ||     1
  Evoke: Wand              |       |       |     3 |     2 |       ||     5
    Use: Scroll            |       |       |     6 |     2 |     5 ||    13
         Potion            |       |       |       |     4 |     2 ||     6
 Armour: Scale mail        |    32 |       |       |       |       ||    32
         Chain mail        |    44 |   308 |   330 |    66 |    77 ||   825
         Skin              |       |       |     2 |       |       ||     2
         Plate armour      |       |       |       |       |    54 ||    54
  Dodge: Dodged            |    39 |   142 |   191 |    30 |    84 ||   486
  Block: Buckler           |    23 |    99 |   138 |    19 |    44 ||   323
